 Dungeon Crawl Stone Soup version 0.22-a0-352-gc608dd7 (webtiles) character file.

20 mortelune the Magician (level 2, -1/19 HPs)
             Began as a Demonspawn Wizard on Apr 14, 2018.
             Slain by a jackal (2 damage)
             ... on level 2 of the Dungeon.
             The game lasted 00:02:26 (773 turns).

mortelune the Magician (Demonspawn Wizard)           Turns: 773, Time: 00:02:27

Health: -1/19      AC:  2    Str:  7    XL:     2   Next: 58%
Magic:  1/6        EV: 12    Int: 19    God:
Gold:   22         SH:  0    Dex: 11    Spells: 2/7 levels left

rFire    . . .     SeeInvis .   k - +0 whip
rCold    . . .     Gourm    .   (no shield)
rNeg     . . .     Faith    .   a - +0 robe
rPois    .         Spirit   .   b - +0 hat
rElec    .         Reflect  .   (no cloak)
rCorr    .         Harm     .   (no gloves)
MR       .....                  (no boots)
Stlth    ++........             (no amulet)
HPRegen  0.06/turn              (no ring)
MPRegen  0.10/turn              (no ring)

@: no status effects
A: claws 1
a: no special abilities


You were on level 2 of the Dungeon.
You were not hungry.

You visited 1 branch of the dungeon, and saw 2 of its levels.

You collected 22 gold pieces.

Inventory:

Hand Weapons
 f - a +0 club
 k - a +0 whip (weapon)
Armour
 a - a +0 robe (worn)
 b - a +0 hat (worn)
Scrolls
 h - 2 scrolls of identify {unknown}
 i - a scroll of teleportation {unknown}
Potions
 e - a potion of curing {unknown}
 g - a potion of resistance {unknown}
 j - a potion of lignification {unknown}
Comestibles
 c - 3 chunks of flesh
 d - a ration


   Skills:
 - Level 1.7 Dodging
 - Level 1.7 Stealth
 + Level 3.2 Spellcasting
 * Level 2.1 Conjurations
 + Level 1.1 Summonings
 - Level 0.8 Translocations


You had 2 spell levels left.
You knew the following spells:

 Your Spells              Type           Power        Failure   Level  Hunger
a - Magic Dart            Conj           ##..         6%          1    None
b - Call Imp              Summ           #.......     14%         2    ##.....
c - Blink                 Tloc           N/A          16%         2    ##.....


Dungeon Overview and Level Annotations

Branches:
Dungeon (2/15)

Altars:


Innate Abilities, Weirdness & Mutations

You have sharp fingernails.


Message History

Aim: a jackal The magic dart hits the jackal.
The jackal bites you but does no damage.
The jackal barely misses you. The jackal bites you. x2
You hit the jackal but do no damage. The jackal bites you. x2
You barely miss the jackal. The jackal bites you. x2
The jackal closely misses you. The jackal bites you.
You completely miss the jackal. The jackal bites you.
* * * LOW HITPOINT WARNING * * *
The jackal barely misses you. The jackal closely misses you.
The jackal bites you.
* * * LOW HITPOINT WARNING * * *
Found a stone staircase leading down.
A hobgoblin comes into view. It is wielding a club.
The hobgoblin shouts!
The jackal misses you. The jackal bites you.
* * * LOW HITPOINT WARNING * * *
The jackal bites you.
You die...

...>#....#..#
#..#....#(.##. .
#............ ..
#..<.......
...##...###.##.
....g...#
...##...#
..###...######..#
. #....hh@.......
#.#.########...
#... .... ##.#.
##


You could see 2 jackals and a hobgoblin.

Vanquished Creatures
  2 dart slugs (D:1)
  A leopard gecko (D:1)
  4 bats (D:1)
  A goblin (D:1)
  A hobgoblin (D:1)
  A jackal (D:1)
  2 frilled lizards (D:1)
  A kobold (D:1)
  3 rats (D:1)
16 creatures vanquished.

Notes
Turn   | Place    | Note
-------+----------+-------------------------------------------
     0 | D:1      | mortelune the Demonspawn Wizard began the quest for the Orb.
     0 | D:1      | Reached XP level 1. HP: 13/13 MP: 4/4
   264 | D:1      | Gained mutation: You have sharp fingernails. [demonic ancestry]
   264 | D:1      | Reached XP level 2. HP: 19/19 MP: 1/6
   385 | D:1      | Learned a level 2 spell: Call Imp
   388 | D:1      | Learned a level 2 spell: Blink
   773 | D:2      | Slain by a jackal

Vault maps used:
D:1:      tarquinn_simple_flora_water_a
D:2:      grunt_qazlal_sundering, lemuel_round_altar,
          gammafunk_temple_overflow_wave, chequers_ecumenical_altar_grove,
          first_ration

Skill      XL: |  1  2 |
---------------+-------+-----
Conjurations   | 2 |  2.1
Dodging        | |  1.7
Stealth        | |  1.7
Spellcasting   | |  3.2
Summonings     | |  1.1
Translocations | |  0.8

Action                   || total
-------------------------++-------
Melee: Whip              ||     3
 Cast: Magic Dart        ||    42
Armor: Robe              ||     2
Dodge: Dodged            ||    17

Table legend:
 A = Spawn XP
 B = Non-spawn XP
 C = Spawn XP percentage of total XP
 D = Spawn monster count
 E = Non-spawn monster count
 F = Spawn count percentage of total count
 G = Total turns spent on level
                    A         B        C        D         E        F      G
               +---------+---------+-------+---------+---------+-------+---------
         Total |       0 |      29 |   0.0 |       0 |      16 |   0.0 |   773
               +---------+---------+-------+---------+---------+-------+---------
           D:1 |       0 |      29 |   0.0 |       0 |      16 |   0.0 |   762
               +---------+---------+-------+---------+---------+-------+---------
